3AAA
SALT LAKE CITY BUZZ @ AUGUSTA TIMBER HAWKS
07/18/2034
 
TOP OF THE 1ST
Salt Lake City Buzz batting - Pitching for Augusta Timber Hawks : RHP Nicolas Roche
Pitching: RHP Nicolas Roche
Batting: RHB Germán Espantoso 0-0: Ball
1-0: Called Strike
1-1: Ball
2-1: Ball
3-1: Ground out 5-3 (Groundball, 5S)
Batting: LHB Orlando Casillas 0-0: Ball
1-0: Foul Ball, location: 2F
1-1: Swinging Strike
1-2: Strikes out swinging
Batting: RHB Bill Chaundler 0-0: SINGLE (Line Drive, 6MD)
Batting: LHB Jackson Curry 0-0: Called Strike
0-1: Ball
1-1: Called Strike
1-2: Ball
2-2: Ball
3-2: Foul Ball, location: 2F
3-2: Ground out 1-3 (Groundball, 13S)
Top of the 1st over - 0 runs, 1 hit, 0 errors, 1 left on base; Salt Lake City 0 - Augusta 0
BOTTOM OF THE 1ST
Augusta Timber Hawks batting - Pitching for Salt Lake City Buzz : LHP Tony Smehrik
Pitching: LHP Tony Smehrik
Batting: SHB Yun-qi Chien 0-0: Ball
1-0: Ball
2-0: Called Strike
2-1: Swinging Strike
2-2: Fly out, F9 (Flyball, 9)
Batting: RHB Krystof Melichar 0-0: Ball
1-0: Called Strike
1-1: Foul Ball, location: 2F
1-2: Strikes out swinging
Batting: LHB Mike Goff 0-0: Ground out 6-3 (Groundball, 6)
Bottom of the 1st over - 0 runs, 0 hits, 0 errors, 0 left on base; Salt Lake City 0 - Augusta 0
TOP OF THE 2ND
Salt Lake City Buzz batting - Pitching for Augusta Timber Hawks : RHP Nicolas Roche
Batting: RHB Scott Ramsey 0-0: Ball
1-0: Ball
2-0: Ball
3-0: Called Strike
3-1: Called Strike
3-2: Strikes out swinging
Batting: RHB Christian Gentry 0-0: Ball
1-0: Ball
2-0: Foul Ball, location: 2F
2-1: Swinging Strike
2-2: Hit by Pitch
Batting: LHB Júlio Madrid 0-0: Called Strike
Christian Gentry steals 2nd base
0-1: Called Strike
0-2: Strikes out swinging
Batting: RHB Hui-ying Sun 0-0: Ball
1-0: Ball
2-0: Called Strike
2-1: Swinging Strike
2-2: Foul Ball, location: 2F
2-2: Foul Ball, location: 2F
2-2: Strikes out swinging
Top of the 2nd over - 0 runs, 0 hits, 0 errors, 1 left on base; Salt Lake City 0 - Augusta 0
BOTTOM OF THE 2ND
Augusta Timber Hawks batting - Pitching for Salt Lake City Buzz : LHP Tony Smehrik
Batting: RHB Jesús Recesvinto 0-0: Ball
1-0: Ground out 6-3 (Groundball, 56)
Batting: SHB Eduardo Pampin 0-0: Ball
1-0: Ball
2-0: Foul Ball, location: 2F
2-1: Swinging Strike
2-2: Ball
3-2: Ground out 4-3 (Groundball, 4)
Batting: RHB Dave Yates 0-0: Foul Ball, location: 2F
0-1: Ball
1-1: Ground out 5-3 (Groundball, 5L)
Bottom of the 2nd over - 0 runs, 0 hits, 0 errors, 0 left on base; Salt Lake City 0 - Augusta 0
TOP OF THE 3RD
Salt Lake City Buzz batting - Pitching for Augusta Timber Hawks : RHP Nicolas Roche
Batting: RHB Manyara Akintola 0-0: Swinging Strike
0-1: Called Strike
0-2: Ball
1-2: Ball
2-2: Strikes out swinging
Batting: RHB Germán Espantoso 0-0: Ball
1-0: SINGLE (Groundball, 34D)
Batting: LHB Orlando Casillas 0-0: Ball
1-0: Fly out, F8 (Line Drive, 8LXD)
Batting: RHB Bill Chaundler 0-0: Foul Ball, location: 2F
0-1: Ball
1-1: Ball
2-1: Foul Ball, location: 2F
2-2: Foul Ball, location: 2F
2-2: Strikes out swinging
Top of the 3rd over - 0 runs, 1 hit, 0 errors, 1 left on base; Salt Lake City 0 - Augusta 0
BOTTOM OF THE 3RD
Augusta Timber Hawks batting - Pitching for Salt Lake City Buzz : LHP Tony Smehrik
Batting: LHB Seung-soo Ch'ae 0-0: Ground out 1-3 (Groundball, 15)
Batting: LHB Fa-tang Wang 0-0: Ball
1-0: Called Strike
1-1: Ball
2-1: Ball
3-1: Foul Ball, location: 2F
3-2: Ground out 4-3 (Groundball, 4M)
Batting: LHB Randy Sallah 0-0: Foul Ball, location: 2F
0-1: Ball
1-1: Foul Ball, location: 2F
1-2: Strikes out swinging
Bottom of the 3rd over - 0 runs, 0 hits, 0 errors, 0 left on base; Salt Lake City 0 - Augusta 0
TOP OF THE 4TH
Salt Lake City Buzz batting - Pitching for Augusta Timber Hawks : RHP Nicolas Roche
Batting: LHB Jackson Curry 0-0: Ball
1-0: Swinging Strike
1-1: Fly out, F1 (Line Drive, 13)
Batting: RHB Scott Ramsey 0-0: Ball
1-0: Called Strike
1-1: Foul Ball, location: 2F
1-2: Ball
2-2: Ball
3-2: DOUBLE (Line Drive, 78XD)
Batting: RHB Christian Gentry 0-0: SINGLE (Line Drive, 8LS)
Scott Ramsey to third
Batting: LHB Júlio Madrid 0-0: Ball
1-0: Ball
Christian Gentry is caught stealing 2nd base
2-0: Ball
3-0: Called Strike
3-1: Base on Balls
Batting: RHB Hui-ying Sun 0-0: Ball
1-0: Called Strike
1-1: Ball
2-1: Ball
3-1: Swinging Strike
3-2: Foul Ball, location: 2F
3-2: Foul Ball, location: 2F
3-2: Foul Ball, location: 2F
3-2: Strikes out swinging
Top of the 4th over - 0 runs, 2 hits, 0 errors, 2 left on base; Salt Lake City 0 - Augusta 0
BOTTOM OF THE 4TH
Augusta Timber Hawks batting - Pitching for Salt Lake City Buzz : LHP Tony Smehrik
Batting: SHB Yun-qi Chien 0-0: Ball
1-0: Called Strike
1-1: Ball
2-1: Ball
3-1: Ground out 6-3 (Groundball, 6)
Batting: RHB Krystof Melichar 0-0: DOUBLE (Groundball, 5L)
Batting: LHB Mike Goff 0-0: Ball
1-0: Ball
2-0: Swinging Strike
2-1: Foul Ball, location: 2F
2-2: Foul Ball, location: 2F
2-2: Ball
3-2: Foul Ball, location: 2F
3-2: Foul Ball, location: 2F
3-2: Base on Balls
Batting: RHB Jesús Recesvinto 0-0: Ball
1-0: Foul Ball, location: 2F
1-1: Fielders Choice at 2nd, 3-6 (Groundball, 34)
Krystof Melichar to third
Batting: SHB Eduardo Pampin 0-0: Called Strike
0-1: Foul Ball, location: 2F
0-2: Ball
1-2: Foul Ball, location: 2F
1-2: Ball
2-2: Foul Ball, location: 2F
2-2: Ball
3-2: Foul Ball, location: 2F
3-2: Ground out U3 (Groundball, 34S)
Bottom of the 4th over - 0 runs, 1 hit, 0 errors, 2 left on base; Salt Lake City 0 - Augusta 0
TOP OF THE 5TH
Salt Lake City Buzz batting - Pitching for Augusta Timber Hawks : RHP Nicolas Roche
Batting: RHB Manyara Akintola 0-0: Swinging Strike
0-1: Ball
1-1: Ball
2-1: DOUBLE (Groundball, 5L)
Batting: RHB Germán Espantoso 0-0: Ball
1-0: Foul Ball, location: 2F
1-1: Fly out, F9 (Flyball, 9S)
Batting: LHB Orlando Casillas 0-0: Foul Ball, location: 2F
0-1: Ball
1-1: Swinging Strike
1-2: Ball
2-2: Fly out, F8 (Flyball, 8RD)
Batting: RHB Bill Chaundler 0-0: Called Strike
0-1: SINGLE (Line Drive, 4M)
Manyara Akintola to third
Runner from 3rd tries for Home, SAFE, no throw
Pitching: RHP Woody Hudson
Batting: LHB Jackson Curry 0-0: Fly out, F7 (Flyball, 7D)
Top of the 5th over - 1 run, 2 hits, 0 errors, 1 left on base; Salt Lake City 1 - Augusta 0
BOTTOM OF THE 5TH
Augusta Timber Hawks batting - Pitching for Salt Lake City Buzz : LHP Tony Smehrik
Batting: RHB Dave Yates 0-0: Called Strike
0-1: SINGLE (Groundball, 6D)
Batting: LHB Seung-soo Ch'ae 0-0: Sac Bunt - play at first, batter safe!
Dave Yates to second
Batting: LHB Fa-tang Wang 0-0: Ball
1-0: Called Strike
1-1: SINGLE (Groundball, 34D)
Dave Yates to third
Seung-soo Ch'ae to second
Runner from 3rd tries for Home, SAFE, no throw
Batting: LHB Randy Sallah 0-0: Ball
Seung-soo Ch'ae steals 3rd base
Fa-tang Wang to second
1-0: SINGLE (Groundball, 6M) (infield hit)
Seung-soo Ch'ae scores
Fa-tang Wang to third
Batting: SHB Yun-qi Chien 0-0: Called Strike
0-1: Ball
1-1: SINGLE (Line Drive, 8RS)
Fa-tang Wang scores
Randy Sallah to second
Batting: RHB Krystof Melichar 0-0: Bunted foul
0-1: Sac Bunt - play at first, batter OUT! 3-4
Randy Sallah to third
Yun-qi Chien to second
Batting: LHB Mike Goff 0-0: Ball
1-0: Foul Ball, location: 2F
1-1: Ball
2-1: Ball
3-1: Called Strike
3-2: Base on Balls
Batting: RHB Jesús Recesvinto 0-0: Fly out, F9 (Flyball, 89D)
Runner from 3rd tags up, SCORES, throw made
Batting: SHB Eduardo Pampin 0-0: Called Strike
0-1: Foul Ball, location: 2F
0-2: Ball
1-2: Foul Ball, location: 2F
1-2: Ball
Balk!
Yun-qi Chien to third
Mike Goff to second
2-2: Ground out 6-3 (Groundball, 6)
Bottom of the 5th over - 4 runs, 5 hits, 0 errors, 2 left on base; Salt Lake City 1 - Augusta 4
TOP OF THE 6TH
Salt Lake City Buzz batting - Pitching for Augusta Timber Hawks : RHP Woody Hudson
Batting: RHB Scott Ramsey 0-0: Ball
1-0: Called Strike
1-1: Ball
2-1: Swinging Strike
2-2: Strikes out swinging
Batting: RHB Christian Gentry 0-0: Ball
1-0: Ball
2-0: Ground out 6-3 (Groundball, 6)
Batting: LHB Júlio Madrid 0-0: Called Strike
0-1: Ball
1-1: Fly out, F8 (Flyball, 89M)
Top of the 6th over - 0 runs, 0 hits, 0 errors, 0 left on base; Salt Lake City 1 - Augusta 4
BOTTOM OF THE 6TH
Augusta Timber Hawks batting - Pitching for Salt Lake City Buzz : LHP Tony Smehrik
Pitching: LHP Andrew Holloway
Batting: RHB Dave Yates 0-0: Swinging Strike
0-1: Ball
1-1: Foul Ball, location: 2F
1-2: Strikes out swinging
Batting: LHB Seung-soo Ch'ae 0-0: Foul Ball, location: 2F
0-1: Called Strike
0-2: Ground out 5-3 (Groundball, 56)
Batting: LHB Fa-tang Wang 0-0: Called Strike
0-1: Called Strike
0-2: Foul Ball, location: 2F
0-2: Strikes out looking
Bottom of the 6th over - 0 runs, 0 hits, 0 errors, 0 left on base; Salt Lake City 1 - Augusta 4
TOP OF THE 7TH
Salt Lake City Buzz batting - Pitching for Augusta Timber Hawks : RHP Woody Hudson
Batting: RHB Hui-ying Sun 0-0: Ball
1-0: Called Strike
1-1: Fly out, F9 (Line Drive, 9D)
Batting: RHB Manyara Akintola 0-0: Ball
1-0: Called Strike
1-1: Ball
2-1: Ball
3-1: Foul Ball, location: 2F
3-2: Base on Balls
Batting: RHB Germán Espantoso 0-0: Swinging Strike
0-1: Grounds into double play, 6-4-3 (Groundball, 6)
Top of the 7th over - 0 runs, 0 hits, 0 errors, 0 left on base; Salt Lake City 1 - Augusta 4
BOTTOM OF THE 7TH
Augusta Timber Hawks batting - Pitching for Salt Lake City Buzz : LHP Andrew Holloway
Batting: LHB Randy Sallah 0-0: Called Strike
0-1: Swinging Strike
0-2: Ball
1-2: Foul Ball, location: 2F
1-2: Fly out, F6 (Line Drive, 56)
Batting: SHB Yun-qi Chien 0-0: Ball
1-0: Ball
2-0: Called Strike
2-1: Foul Ball, location: 2F
2-2: Ground out 6-3 (Groundball, 6M)
Batting: RHB Krystof Melichar 0-0: Fly out, F8 (Flyball, 8LS)
Bottom of the 7th over - 0 runs, 0 hits, 0 errors, 0 left on base; Salt Lake City 1 - Augusta 4
TOP OF THE 8TH
Salt Lake City Buzz batting - Pitching for Augusta Timber Hawks : RHP Woody Hudson
Batting: LHB Orlando Casillas 0-0: Ball
1-0: Swinging Strike
1-1: Ball
2-1: Ball
3-1: Foul Ball, location: 2F
3-2: Foul Ball, location: 2F
3-2: Foul Ball, location: 2F
3-2: Base on Balls
Batting: RHB Bill Chaundler 0-0: Ball
1-0: Called Strike
1-1: Foul Ball, location: 2F
1-2: Foul Ball, location: 2F
1-2: Strikes out looking
Batting: LHB Jackson Curry 0-0: Ball
1-0: Swinging Strike
1-1: Ball
2-1: Ball
3-1: Called Strike
3-2: Foul Ball, location: 2F
3-2: Fly out, F9 (Line Drive, 89D)
Pitching: RHP Tate Beason
Batting: RHB Scott Ramsey 0-0: Ball
1-0: Ball
2-0: Foul Ball, location: 2F
2-1: SINGLE (Line Drive, 34)
Orlando Casillas to second
Batting: RHB Christian Gentry 0-0: Ball
1-0: Called Strike
1-1: Fly out, F7 (Flyball, 7S)
Top of the 8th over - 0 runs, 1 hit, 0 errors, 2 left on base; Salt Lake City 1 - Augusta 4
BOTTOM OF THE 8TH
Augusta Timber Hawks batting - Pitching for Salt Lake City Buzz : LHP Andrew Holloway
Batting: LHB Mike Goff 0-0: Ball
1-0: Foul Ball, location: 2F
1-1: Ball
2-1: Fly out, F9 (Flyball, 89M)
Batting: RHB Jesús Recesvinto 0-0: Fly out, F6 (Flyball, 6MD)
Batting: SHB Eduardo Pampin 0-0: Called Strike
0-1: Called Strike
0-2: Ball
1-2: Strikes out swinging
Bottom of the 8th over - 0 runs, 0 hits, 0 errors, 0 left on base; Salt Lake City 1 - Augusta 4
TOP OF THE 9TH
Salt Lake City Buzz batting - Pitching for Augusta Timber Hawks : RHP Tate Beason
Pitching: RHP Gus Osborne
Batting: LHB Júlio Madrid 0-0: Ground out 4-3 (Groundball, 34)
Batting: RHB Hui-ying Sun 0-0: Called Strike
0-1: Ball
1-1: Swinging Strike
1-2: Foul Ball, location: 2F
1-2: Ground out 5-3 (Groundball, 56S)
Batting: RHB Manyara Akintola 0-0: Called Strike
0-1: SINGLE (Line Drive, 4MD)
Batting: RHB Germán Espantoso 0-0: Fielders Choice at 2nd, U6 (Groundball, 6M)
Top of the 9th over - 0 runs, 1 hit, 0 errors, 1 left on base; Salt Lake City 1 - Augusta 4
Friday, March 29th, 2019 - OOTP Baseball 18.8 Build 76